Map: Torri del crepuscolo

Players

GLaDOS - Winner!

  • Race: Zerg Zerg
  • League: Gold

Jhyrachy

  • Race: Zerg Zerg
  • League: Gold

VOD

Have the link to the VOD?

Description

Time

  • Played on: May 20, 2016, 3:21 p.m.
  • Length: 12:53
Show
View Real Time Build Order
Export as new Build Order

GLaDOS Zerg - Winner!

Build Orders: 3 Hatch before Pool 

Get SALT Encoding   

  12  0:03  Drone  
  13  0:10  Drone  
  14  0:17  Overlord  
  14  0:35  Drone  
  15  0:38  Drone  
  16  1:01  Hatchery  
  15  1:14  Drone  
  15  1:17  Hatchery, Drone  
  16  1:21  Drone  
  17  1:40  Spawning Pool  
  17  1:44  Extractor, Drone  
  17  1:45  Drone  
  17  1:57  Drone  
  17  1:58  Drone  
  19  2:16  Drone x2  
  21  2:26  Extractor  
  21  2:28  Zergling x4  
  22  2:33  Zergling x4  
  22  2:34  Queen  
  22  2:36  Queen  
  28  2:43  Queen  
  30  2:57  Drone x2  
  30  2:58  Drone x2  
  34  3:12  Metabolic Boost  
  34  3:41  Zergling x2  
  34  3:44  Overlord x3  
  34  3:48  Lair  
  34  4:03  Queen  
  36  4:21  Drone  
  36  4:22  Drone x6  
  36  4:23  Drone x5  
  36  4:24  Drone x2  
  50  4:27  Overlord  
  50  4:53  Drone x2  
  52  5:06  Drone x4  
  52  5:07  Overlord x3, Drone  
  57  5:19  Hydralisk Den  
  56  5:22  Evolution Chamber  
  56  5:26  Evolution Chamber  
  54  5:38  Drone x4  
  54  5:39  Drone x4  
  54  5:40  Drone x6  
  54  5:42  Overlord x3  
  68  5:49  Zerg Melee Weapons Level 1  
  68  5:51  Zerg Ground Armor Level 1  
  68  5:54  Muscular Augments, Hydralisk  
  68  5:55  Hydralisk  
  72  6:02  Extractor  
  72  6:04  Extractor  
  70  6:06  Extractor  
  70  6:07  Extractor  
  68  6:11  Hydralisk x2  
  68  6:12  Hydralisk  
  68  6:17  Hatchery  
  73  6:44  Drone x4  
  73  6:45  Drone x5, Hydralisk x3  
  73  6:46  Hydralisk x5  
  96  6:48  Overlord  
  96  6:53  Overseer x2  
  98  7:09  Hydralisk  
  98  7:10  Hydralisk x5  
  110  7:18  Hydralisk x2  
  108  7:28  Zergling x12  
  108  7:29  Zergling x4  
  106  8:03  Drone  
  106  8:04  Drone x5  
  112  8:06  Overlord x4  
  112  8:23  Zerg Melee Weapons Level 2  
  112  8:24  Zerg Ground Armor Level 2  
  112  8:27  Lurker Den  
  112  8:36  Infestation Pit  
  111  8:50  Queen  
  111  8:53  Hydralisk x4  
  111  8:54  Hydralisk x6  
  111  8:55  Hydralisk x3  
  135  8:56  Zergling x6  
  135  8:57  Zergling x2  
  135  8:58  Zergling x2  
  135  8:59  Overlord  
  144  9:14  Hive  
  144  9:17  Queen  
  146  9:45  Hydralisk x3  
  146  9:50  Overlord x5  
  152  10:06  Extractor  
  151  10:09  Extractor  
  151  10:11  Hydralisk x2  
  151  10:12  Hydralisk x6  
  151  10:13  Hydralisk x5  
  151  10:14  Hydralisk x6  
  188  10:22  Hatchery  
  187  10:46  Drone x3  
  187  10:47  Drone  
  191  10:54  Adrenal Glands  
  191  10:58  Ultralisk Cavern  
  190  11:12  Lurker x2  
  190  11:15  Overlord x2  
  185  12:30  Zergling x2  
  185  12:31  Zergling x8  
Show
View Real Time Build Order
Export as new Build Order

Jhyrachy Zerg 

Build Orders: Pool First 

Get SALT Encoding   

  12  0:01  Drone  
  13  0:13  Drone  
  14  0:17  Overlord  
  14  0:37  Drone x3  
  17  0:47  Spawning Pool  
  17  0:48  Extractor  
  15  0:50  Drone  
  16  0:59  Drone  
  17  1:14  Drone  
  18  1:21  Drone  
  19  1:31  Overlord  
  19  1:34  Queen  
  21  1:50  Hatchery  
  21  1:51  Metabolic Boost  
  20  2:16  Drone  
  20  2:17  Zergling x4  
  20  2:20  Evolution Chamber  
  22  2:23  Queen  
  24  2:46  Zerg Melee Weapons Level 1  
  24  3:03  Queen  
  26  3:08  Drone  
  26  3:09  Drone x2  
  26  3:10  Zergling x6  
  30  3:59  Extractor  
  30  4:01  Roach Warren  
  30  4:02  Drone x3  
  31  4:10  Queen  
  33  4:18  Hatchery, Drone x4  
  33  4:20  Overlord x2  
  36  4:36  Pneumatized Carapace  
  36  4:46  Zerg Ground Armor Level 1  
  36  4:56  Roach  
  36  4:57  Roach x4  
  45  5:14  Drone x4  
  47  5:16  Roach  
  47  5:18  Overlord  
  51  5:53  Roach x2  
  51  5:54  Overlord, Roach x5  
  51  5:55  Overlord x2  
  65  6:17  Roach  
  65  6:18  Roach x6  
  79  6:22  Overlord  
  79  6:41  Zerg Missile Weapons Level 1  
  80  7:01  Drone  
  80  7:02  Drone x13  
  85  7:35  Burrow  
  83  8:01  Overlord x2  
  83  8:02  Roach  
  83  8:03  Roach x2  
  89  8:11  Spine Crawler  
  89  8:12  Spine Crawler  
  87  8:15  Lair  
  87  8:50  Roach x4  
  87  8:51  Roach x5  
  87  8:52  Extractor  
  104  8:59  Spore Crawler  
  103  9:04  Roach x19  
  103  9:12  Drone x3  
  106  9:17  Overlord x2, Extractor  
  106  9:18  Overlord  
  105  9:24  Glial Reconstitution  
  105  9:28  Zerg Missile Weapons Level 2  
  105  9:45  Hatchery  
  104  9:46  Drone x2  
  104  9:47  Drone x5  
  104  9:48  Overlord x4  
  104  9:51  Roach x2  
  115  10:01  Overseer  
  115  10:18  Queen  
  115  10:19  Queen x2  
  121  10:29  Hatchery  
  120  10:43  Tunneling Claws  
  120  11:08  Roach x9  
  120  11:09  Roach x11  
  120  11:11  Queen  
  162  11:51  Infestation Pit  
  161  11:54  Evolution Chamber  
  158  12:04  Ravager x3  
  161  12:10  Zergling x2  
  161  12:11  Zergling x8  
  161  12:12  Overlord x3  
  161  12:13  Overlord x2  
Tags
 
Add a new tag
Caveats
  • Supply blocks, unpowered buildings, or Contaminate may cause inaccurate times.
  • Supply counts are checked every 10 seconds.